 Dungeon Crawl Stone Soup version 0.20.1-1-g8b1a95d (webtiles) character file.

64542 Linguinho the Spear-Bearer (level 14, -25/116 HPs)
             Began as a Demonspawn Fighter on Nov 11, 2017.
             Was a High Priest of Ashenzari.
             Killed from afar by Asterion (38 damage)
             ... with a bolt of lightning
             ... on level 1 of the Spider Nest.
             The game lasted 01:11:13 (23365 turns).

Linguinho the Spear-Bearer (Demonspawn Fighter)    Turns: 23365, Time: 01:11:13

Health: -25/116    AC: 28    Str: 26    XL:     14   Next: 72%
Magic:  0/14       EV:  9    Int:  9    God:    Ashenzari [*****.]
Gold:   955        SH:  8    Dex: 12    Spells: 13/13 levels left

rFire    . . .     SeeInvis +   l - +8 trident (freeze) (curse)
rCold    . . .     Gourm    .   J - +2 buckler (curse)
rNeg     . . .     Faith    .   B - +0 plate armour (curse)
rPois    .         Spirit   +   (helmet restricted)
rElec    .         Reflect  .   b - +2 cloak {+Inv} (curse)
rCorr    .         Harm     .   (no gloves)
MR       ++...     Clarity  +   (no boots)
Stlth    ..........             h - amulet of guardian spirit (curse)
Regen    0.3/turn               k - ring of protection from magic (curse)
MPRegen  0.2/turn               d - +3 ring of strength (curse)

@: about to teleport, sanguine armour, very slightly contaminated
A: antennae 2, demonic guardian 1, foul stench 1, rot immunity, sanguine armour
2
a: Curse Item, Scrying, Transfer Knowledge, Renounce Religion, Evoke
Invisibility


You were on level 1 of the Spider Nest.
You worshipped Ashenzari.
Ashenzari was extremely pleased with you.
You were hungry.

You visited 3 branches of the dungeon, and saw 17 of its levels.
You also visited: Sewer and Ossuary.

You collected 1098 gold pieces.
You spent 143 gold pieces at shops.

Inventory:

Hand Weapons
 l - a cursed +8 trident of freezing (weapon)
Armour
 b - a cursed +2 cloak of invisibility (worn)
 B - a cursed +0 plate armour (worn)
 J - a cursed +2 buckler (worn)
 N - a +0 cloak of magic resistance
Jewellery
 d - a cursed +3 ring of strength (right hand)
 h - a cursed amulet of guardian spirit (around neck)
 k - a cursed ring of protection from magic (left hand)
 L - an uncursed ring of protection from cold
Wands
 c - a wand of disintegration (14/24)
 n - a wand of lightning (8/15)
 A - a wand of iceblast (14/15)
 M - a wand of random effects (24/48)
 Q - a wand of random effects (15/48)
Scrolls
 a - a scroll of enchant weapon
 e - 8 scrolls of remove curse
 g - 3 scrolls of amnesia
 m - 3 scrolls of recharging
 o - 2 scrolls of blinking
 p - 11 scrolls of teleportation
 y - 3 scrolls of enchant armour
 E - a scroll of immolation
 I - 2 scrolls of magic mapping
 O - 2 scrolls of fog
 P - 4 scrolls of fear
Potions
 i - 4 potions of brilliance
 j - a potion of haste
 t - 3 potions of mutation
 v - 2 potions of flight
 w - a potion of invisibility
 x - 2 potions of heal wounds
 z - 2 potions of cancellation
 C - 4 potions of curing
 G - 2 potions of degeneration
 H - 3 potions of agility
 R - a potion of lignification
Books
 u - Roxanne's Handbook of Clay
   (You took it off Roxanne on level 1 of the Spider Nest)

   Spells                             Type                      Level
   a - Sandblast                      Earth                        1
   b - Passwall                       Transmutation/Earth          2
   c - Petrify                        Transmutation/Earth          4
   d - Iron Shot                      Conjuration/Earth            6
   e - Statue Form                    Transmutation/Earth          6
Miscellaneous
 r - a lightning rod (inert)
Comestibles
 f - 5 bread rations
 F - 4 meat rations
 K - a fruit


   Skills:
 + Level 12.3 Fighting
   Level 3.3(10.4) Axes
 + Level 14.7(18.3) Polearms
 + Level 12.2 Armour
 + Level 4.0 Dodging
 + Level 4.1 Stealth
 + Level 7.5(10.2) Shields
 + Level 1.0(3.2) Evocations


You had 13 spell levels left.
You didn't know any spells.

Dungeon Overview and Level Annotations

Branches:
Dungeon (9/15)             Temple (0/1) D:7            Lair (6/6) D:9
  Swamp (0/4) Lair:3       Spider (2/4) Lair:3        Slime (0/5) Lair:5
    Orc: D:9-12

Altars:
Ashenzari
Makhleb
Ru
Trog
Xom
Jiyva

Shops:
D:4 ?   D:7 (

Annotations:
Spider:1 Asterion


Innate Abilities, Weirdness & Mutations

You have a pair of antennae on your head.
A weak demonic guardian rushes to your aid.
You may emit foul miasma when damaged in melee.
You are immune to rotting.
When seriously injured, your bleeding wounds create thick armour. (AC +9)


Message History

The lightning rod overheats!
You feel sick.
You hear an angry hiss. x2
The jumping spider leaps!
The jumping spider leaps!
You feel sick.
You feel sick.
As you read the scroll of teleportation, it crumbles to dust.
You feel strangely unstable.
Asterion hits you with a demon whip of venom!!
* * * LOW HITPOINT WARNING * * *
You are lethally poisoned!
You emit a cloud of foul miasma!
Asterion gores you but does no damage.
You feel better.
The jumping spider leaps!
Asterion is engulfed in dark miasma.
Asterion is poisoned.
Asterion barely misses you. Asterion gores you but does no damage.
Asterion is engulfed in dark miasma.
Asterion looks even sicker.
Asterion closely misses you. You block Asterion's attack.
Asterion conjures a destructive force in the name of Makhleb!
The bolt of lightning hits you!
You die...

..#....................# #.^....
.......................#####.....
...........^............##^......
.................................
.................................
...#............>................
..^......#.......................
....#..#..(......................
.......#........@.H§.............
...........##....................
..........#####..................
.....#....## ##.................
...###.....# ###...............
#...###....# ##.#..........#§^.
##.#.##....# #..........#......
...<......## #........^....#...
.......#...# ##.....#.#........


You could see Asterion (inner flame).

Vanquished Creatures
  Roxanne (Spider:1)
  A ghost moth (Spider:1)
  An entropy weaver (Lair:3)
  A fire dragon (Lair:6)
  4 hydras
  3 death yaks (D:9)
  6 two-headed ogres
  A lindwurm (Lair:6)
  6 wolf spiders (Spider:1)
  5 orb spiders (Spider:1)
  2 cyclopes (D:9)
  7 elephants (Lair:5)
  A torpor snail (Lair:2)
  6 black mambas
  2 molten gargoyles (Lair:6)
  8 spiny frogs
  7 komodo dragons
  2 demonic crawlers (Spider:1)
  12 jumping spiders (Spider:1)
  A hornet (D:8)
  8 polar bears
  29 blink frogs
  8 hippogriffs
  7 dream sheep
  14 tarantellas
  36 redbacks
  A shadow (D:7)
  A wyvern (Lair:6)
  26 yaks
  5 basilisks
  Grum (D:8)
  A steam dragon (Lair:6)
  10 water moccasins
  4 hell hounds (Lair:6)
  4 porcupines
  4 orc warriors
  2 sky beasts
  12 ice beasts
  4 ogres
  2 phantoms
  8 black bears
  3 centaurs
  8 wolves
  10 crocodiles
  A big kobold (D:8)
  5 bullfrogs
  4 scorpions
  9 wights
  5 killer bees (D:9)
  2 howler monkeys (D:9)
  6 electric eels
  3 lava snakes (Lair:6)
  5 crimson imps
  A centaur zombie (D:7)
  2 jellies
  2 orc priests
  2 centaur skeletons (D:4)
  5 hounds
  2 bullfrog skeletons
  6 iguanas
  2 orc wizards
  7 worker ants
  2 hound zombies
  12 mummies (Ossuary)
  2 howler monkey zombies (D:8)
  A worker ant zombie (D:6)
  6 adders
  5 river rats
  2 shadow imps
  A white imp (D:6)
  An ooze (D:1)
  2 adder zombies
  An adder skeleton (D:5)
  4 worms (D:4)
  2 dart slugs
  4 leopard geckos
  32 orcs
  5 bats
  5 giant cockroaches
  8 goblins
  9 hobgoblins
  12 jackals
  13 kobolds
  7 quokkas
  3 ball pythons
  4 frilled lizards
  4 goblin skeletons (Ossuary)
  4 kobold skeletons (Ossuary)
  A leopard gecko skeleton (D:4)
  A quokka skeleton (D:4)
  11 rats
  11 rat skeletons (Ossuary)
529 creatures vanquished.

Vanquished Creatures (collateral kills)
  A wolf spider (Spider:1)
  An orb spider (Spider:1)
  2 elephants (Lair:5)
  A black mamba (Lair:6)
  A komodo dragon (Lair:6)
  2 hippogriffs
  A blink frog (Lair:6)
  2 dream sheep
  Sigmund (D:2)
  A hungry ghost (D:9)
  2 yaks
  A porcupine (Lair:5)
  An orc warrior (D:7)
  An ice beast (D:9)
  A phantom (D:4)
  A black bear (Lair:1)
  A centaur (D:5)
  A crocodile (Lair:6)
  A big kobold (Sewer)
  2 bullfrogs
  A scorpion (D:6)
  A howler monkey (D:6)
  An electric eel (D:9)
  A lava snake (Lair:6)
  2 orc wizards
  3 gnolls (D:2)
  An adder (D:8)
  A river rat (D:9)
  A worm (D:5)
  4 orcs
  2 jackals
  2 kobolds (Sewer)
45 creatures vanquished.

Vanquished Creatures (others)
  3 fungi
  2 plants (Lair:4)
5 creatures vanquished.

Grand Total: 579 creatures vanquished

Notes
Turn   | Place    | Note
-------+----------+-------------------------------------------
     0 | D:1      | Linguinho the Demonspawn Fighter began the quest for the Orb.
     0 | D:1      | Reached XP level 1. HP: 18/18 MP: 1/1
   115 | D:1      | Gained mutation: A weak demonic guardian rushes to your aid. [demonic ancestry]
   115 | D:1      | Reached XP level 2. HP: 24/24 MP: 2/2
   683 | D:1      | You fall through a shaft!
   700 | D:2      | Gained mutation: You are immune to rotting. [demonic ancestry]
   700 | D:2      | Reached XP level 3. HP: 29/29 MP: 3/3
   921 | D:2      | Noticed Sigmund
   996 | D:2      | Killed Sigmund
   996 | D:2      | Reached XP level 4. HP: 8/35 MP: 4/4
  1514 | D:3      | Gained mutation: You may emit foul miasma when damaged in melee. [demonic ancestry]
  1514 | D:3      | Reached XP level 5. HP: 25/41 MP: 2/5
  1923 | D:3      | You fall through a shaft for 3 floors!
  1990 | D:6      | Reached skill level 1 in Dodging
  2023 | D:6      | Reached skill level 1 in Polearms
  2023 | D:6      | Reached XP level 6. HP: 30/47 MP: 4/6
  2246 | D:5      | Entered Level 5 of the Dungeon
  2755 | D:5      | Reached skill level 2 in Polearms
  2771 | D:5      | Noticed an ice beast
  2786 | D:5      | Killed an ice beast
  2876 | D:5      | Gained mutation: When seriously injured, your bleeding wounds create armour. (AC +9) [demonic ancestry]
  2876 | D:5      | Reached XP level 7. HP: 18/54 MP: 7/7
  3381 | D:5      | Reached skill level 3 in Polearms
  3467 | D:5      | Reached skill level 1 in Stealth
  3793 | D:4      | Reached skill level 4 in Polearms
  3856 | D:4      | Found a glowing drain.
  3861 | Sewer    | Entered a sewer
  4024 | Sewer    | Reached XP level 8. HP: 49/61 MP: 8/8
  4071 | Sewer    | Found a white marble altar of Elyvilon.
  4197 | D:4      | Found a sand-covered staircase.
  4208 | Ossuary  | Entered an ossuary
  4989 | D:4      | Found a bloodstained altar of Trog.
  5022 | D:4      | Reached skill level 5 in Polearms
  5028 | D:4      | Found Joler's Magic Scroll Shop.
  5040 | D:4      | Bought a scroll of remove curse for 39 gold pieces
  5040 | D:4      | Bought a scroll of identify for 26 gold pieces
  5040 | D:4      | Bought a scroll of identify for 26 gold pieces
  5040 | D:4      | Bought a scroll of identify for 26 gold pieces
  5040 | D:4      | Bought a scroll of identify for 26 gold pieces
  5151 | D:4      | Reached skill level 5 in Armour
  5710 | D:3      | Reached skill level 5 in Fighting
  5950 | D:3      | Found a burning altar of Makhleb.
  6984 | D:6      | Reached skill level 6 in Polearms
  7096 | D:7      | Found a shimmering altar of Xom.
  7097 | D:7      | Found a shattered altar of Ashenzari.
  7109 | D:7      | Became a worshipper of Ashenzari the Shackled
  7199 | D:7      | Found Ehotyle's Weapon Shoppe.
  7282 | D:7      | Found a staircase to the Ecumenical Temple.
  7311 | D:7      | Gained mutation: When seriously injured, your bleeding wounds create thick armour. (AC +9) [demonic ancestry]
  7311 | D:7      | Reached XP level 9. HP: 45/68 MP: 5/9
  7454 | D:7      | Found a sacrificial altar of Ru.
  7693 | D:7      | Reached skill level 7 in Polearms
  8251 | D:8      | Noticed a two-headed ogre
  8615 | D:8      | Noticed Grum
  8616 | D:8      | Noticed a two-headed ogre
  8616 | D:8      | Reached * piety under Ashenzari
  8908 | D:8      | Killed a two-headed ogre
  8908 | D:8      | Reached skill level 8 in Polearms
  8936 | D:8      | Killed a two-headed ogre
  8936 | D:8      | Reached skill level 9 in Polearms
  8936 | D:8      | Reached XP level 10. HP: 53/77 MP: 5/10
  9003 | D:8      | Noticed a two-headed ogre
  9054 | D:8      | Killed a two-headed ogre
  9061 | D:8      | Killed Grum
  9925 | D:9      | Reached skill level 10 in Polearms
 10096 | D:9      | Reached XP level 11. HP: 21/84 MP: 4/11
 10687 | D:9      | Noticed a two-headed ogre
 10701 | D:9      | Killed a two-headed ogre
 10701 | D:9      | Reached skill level 11 in Polearms
 10853 | D:9      | Noticed a two-headed ogre
 11257 | D:9      | Killed a two-headed ogre
 11464 | D:9      | Noticed a death yak
 11464 | D:9      | Noticed a death yak
 11465 | D:9      | Noticed a death yak
 11475 | D:9      | Killed a death yak
 11482 | D:9      | Found a staircase to the Lair.
 11490 | D:9      | Killed a death yak
 11491 | D:9      | Killed a death yak
 11734 | D:9      | Noticed a two-headed ogre
 11742 | D:9      | Killed a two-headed ogre
 11980 | Lair:1   | Entered Level 1 of the Lair of Beasts
 12376 | Lair:1   | Reached skill level 12 in Polearms
 12419 | Lair:1   | Reached ** piety under Ashenzari
 12495 | Lair:1   | Reached XP level 12. HP: 75/94 MP: 10/12
 12920 | Lair:1   | Reached skill level 5 in Shields
 13260 | Lair:2   | Reached *** piety under Ashenzari
 14371 | Lair:3   | Found a hole to the Spider Nest.
 14433 | Lair:3   | Reached **** piety under Ashenzari
 14454 | Lair:3   | Found a staircase to the Swamp.
 14822 | Lair:4   | Reached skill level 13 in Polearms
 14822 | Lair:4   | Reached skill level 10 in Armour
 15505 | Lair:4   | Reached skill level 10 in Fighting
 15537 | Lair:4   | Noticed a five-headed hydra
 15545 | Lair:4   | Killed a five-headed hydra
 16147 | Lair:5   | Gained mutation: You have a pair of small antennae on your head. [demonic ancestry]
 16147 | Lair:5   | Reached XP level 13. HP: 91/103 MP: 11/13
 16402 | Lair:5   | Reached ***** piety under Ashenzari
 16623 | Lair:5   | Found a viscous altar of Jiyva.
 16623 | Lair:5   | Found a staircase to the Slime Pits.
 16900 | Lair:6   | Entered Level 6 of the Lair of Beasts
 17184 | Lair:6   | Reached skill level 14 in Polearms
 17234 | Lair:6   | Found a dark tunnel.
 17323 | Lair:6   | Identified the +9 hand axe of Oghoggan {holy, rC++ Str+7}
 17918 | Lair:6   | Found a large runed door.
 17919 | Lair:6   | Found a large runed door.
 17922 | Lair:6   | Noticed a fire dragon
 18873 | Lair:6   | Killed a fire dragon
 19160 | Spider:1 | Entered Level 1 of the Spider Nest
 19160 | Spider:1 | Noticed an entropy weaver
 19182 | Lair:3   | Gained mutation: You have a pair of antennae on your head. [demonic ancestry]
 19182 | Lair:3   | Reached XP level 14. HP: 31/113 MP: 5/14
 19186 | Lair:3   | Killed an entropy weaver
 19999 | Spider:1 | HP: 5/113 [disintegration (39)]
 20468 | Spider:1 | Reached skill level 1 in Evocations
 20692 | Spider:1 | Noticed Roxanne
 21746 | Spider:1 | Noticed a ghost moth
 21760 | Spider:1 | Killed a ghost moth
 22706 | Spider:1 | Killed Roxanne
 22724 | Spider:1 | Identified Roxanne's Handbook of Clay (You took it off Roxanne on level 1 of the Spider Nest)
 22993 | Spider:2 | Noticed Asterion
 22998 | Spider:2 | Noticed an Executioner
 23362 | Spider:1 | HP: 3/116 [Asterion/demon whip of venom (23)]
 23365 | Spider:1 | Killed from afar by Asterion

Skill      XL: |  1  2  3  4  5  6  7  8  9 10 11 12 13 14 |
---------------+-------------------------------------------+-----
Shields        | 3 4 5 6 7 |  7.5
Axes           | 2 3 |  3.3
Armour         | 3 4 5 7 9 10 11 12 | 12.2
Dodging        | 1 2 3 4 |  4.0
Polearms       | 1 2 4 6 9 10 12 13 14 | 14.7
Fighting       | 4 5 6 7 8 10 11 12 | 12.3
Stealth        | 1 2 3 4 |  4.1
Evocations     | 1 |  1.0

Action                   |  1- 3 |  4- 6 |  7- 9 | 10-12 | 13-15 || total
-------------------------+-------+-------+-------+-------+-------++-------
Melee: War axe           |    83 |    37 |       |       |       ||   120
       Scythe            |       |    84 |   450 |     2 |       ||   536
       Trident           |       |       |       |   706 |   731 ||  1437
Invok: Curse Item        |       |       |     4 |     3 |       ||     7
Evoke: Lightning rod     |       |       |       |       |     4 ||     4
  Use: Scroll            |       |       |    18 |     7 |    12 ||    37
       Potion            |       |       |     6 |       |    16 ||    22
 Stab: Distracted        |       |     1 |     2 |     6 |     4 ||    13
  Eat: Chunk             |       |     6 |    10 |    19 |     9 ||    44
       Bread ration      |       |       |     1 |     1 |     1 ||     3
       Meat ration       |       |       |     1 |       |       ||     1
       Fruit             |       |       |     2 |     1 |     1 ||     4
       Royal jelly       |       |       |       |       |     4 ||     4
Armor: Scale mail        |    51 |    90 |   172 |       |       ||   313
       Plate armour      |       |       |    90 |   177 |   332 ||   599
       Skin              |       |       |    17 |       |       ||    17
Dodge: Dodged            |    29 |    90 |   255 |   126 |   175 ||   675
Block: Shield            |    38 |    24 |       |       |       ||    62
       Buckler           |       |       |       |   129 |   209 ||   338
